[Event "Team 45 45 League T47"]
[Site "Internet Chess Club"]
[Date "2010.11.12"]
[Round "2"]
[White "AtomicDog"]
[Black "Xerses"]
[Result "1-0"]
[WhiteElo "1611"]
[BlackElo "1258"]
[Opening "Ruy Lopez: closed"]
[ECO "C90"]
[Time "11:30:51"]
[TimeControl "2700+45"]

1. e4 e5 2. Nf3 Nc6 3. Bb5 a6 4. Ba4 Nf6 5. O-O Be7 6. Re1 b5 7. Bb3 d6 8. c3
Na5 9. Bc2 c5 10. d4 cxd4 11. cxd4 O-O 12. h3 Qc7 13. dxe5 dxe5 14. Bg5 Nc4 15.
Qc1 Bb7 16. Nbd2 h6 17. Bh4 Nd6 18. Bg3 Nfxe4 19. Nxe4 Bxe4 20. Bxe4 Qxc1 21.
Raxc1 Nxe4 22. Rxe4 f6 23. Rc7 Rfd8 24. Rxe7 {Black resigns} 1-0

[Event "Team 45 45 League T47"]
[Site "Internet Chess Club"]
[Date "2010.11.13"]
[Round "2"]
[White "seattleblues"]
[Black "BrianWood"]
[Result "1/2-1/2"]
[WhiteElo "1288"]
[BlackElo "1340"]
[Opening "Ruy Lopez: closed, Breyer, Borisenko variation"]
[ECO "C95"]
[Time "21:00:58"]
[TimeControl "2700+45"]

1. e4 e5 2. Nf3 Nc6 3. Bb5 a6 4. Ba4 Nf6 5. O-O Be7 6. Re1 b5 7. Bb3 d6 8. c3
O-O 9. h3 Nb8 10. d4 Nbd7 11. Nbd2 Bb7 12. Nf1 c5 13. d5 Re8 14. Ng3 Bf8 15. Nf5
c4 16. Bc2 g6 17. Nh6+ Kg7 18. Nh2 Ng8 19. N2g4 Ndf6 20. Nxf6 Qxf6 21. Ng4 Qe7
22. Qf3 Bc8 23. Be3 Bxg4 24. Qxg4 Nf6 25. Qf3 Kh8 26. Bg5 Bg7 27. a4 h6 28. Be3
Kh7 29. Kh2 Qb7 30. a5 Rh8 31. Rh1 Kg8 32. Kg1 h5 33. Bg5 Nh7 34. Bh4 Rf8 35.
Qe3 f6 36. f3 Rd8 37. Bf2 Qa8 38. Qb6 Ng5 39. Qc7 Qb8 40. Qc6 Qa8 41. Qb6 Nf7
42. Qc7 Rb8 43. Qa7 Qxa7 44. Bxa7 Rb7 45. Bf2 g5 46. Re1 Nh6 47. Bd1 f5 48. h4
g4 49. fxg4 fxg4 50. g3 Kh7 51. Bb6 Rf8 52. Kg2 Bf6 53. Rhf1 Be7 54. Rf2 Rxf2+
55. Kxf2 Kg7 56. Rf1 {Game drawn by mutual agreement} 1/2-1/2

[Event "Team 45 45 League T47"]
[Site "Internet Chess Club"]
[Date "2010.11.13"]
[Round "2"]
[White "dabodhi"]
[Black "Traho"]
[Result "0-1"]
[WhiteElo "1122"]
[BlackElo "1290"]
[Opening "Scotch opening"]
[ECO "C44"]
[Time "20:00:11"]
[TimeControl "2700+45"]

1. e4 e5 2. Nf3 Nc6 3. d4 d6 4. Bc4 Na5 5. Bb5+ c6 6. Be2 b5 7. O-O f6 8. b3 Nb7
9. Bb2 Nh6 10. h3 Be7 11. dxe5 dxe5 12. Qxd8+ Bxd8 13. c4 a6 14. Ba3 Be7 15.
Bxe7 Kxe7 16. Nc3 Rd8 17. Rad1 Be6 18. cxb5 axb5 19. a4 Bxb3 20. Rxd8 Rxd8 21.
axb5 c5 22. Ra1 Nf7 23. Ra7 Rb8 24. Nd2 Be6 25. b6 Kd8 26. Nd5 Nfd6 27. Nc4 Nb5
28. Ra1 Nd4 29. Bd3 Bd7 30. Na5 Nc6 31. Nxb7+ Rxb7 32. Ba6 Rb8 33. b7 Nd4 34.
Rb1 Nc6 35. Nb6 Na5 36. Nxd7 Kxd7 37. Bb5+ Kc7 38. Ba6 Nxb7 39. Rb5 Kc6 40. Rb2
Kc7 41. Rc2 Kb6 42. Be2 Kc6 43. Rb2 Ra8 44. Bb5+ Kc7 45. Kh2 Rd8 46. Kg3 Rd4 47.
f3 Rb4 48. Rxb4 cxb4 49. Kg4 b3 50. Kf5 b2 51. Bd3 Na5 52. g4 Kd7 53. g5 Nc6 54.
gxf6 Nd4+ 55. Kxe5 Nxf3+ 56. Kf4 Nd2 57. Ke5 Ke8 58. Ke6 gxf6 59. Kxf6 Nc4 60.
Ke6 Kd8 61. e5 Ke8 62. Bxh7 Nd2 63. Bg6+ Kf8 64. Kd7 Nc4 65. e6 Ne5+ 66. Kd8
Nxg6 67. h4 b1=Q 68. h5 Qb8+ 69. Kd7 Qe8+ 70. Kd6 Ne7 71. h6 Nf5+ 72. Ke5 Nxh6
73. Kf6 Ng4+ 74. Kf5 Qe7 75. Kxg4 Qxe6+ {White resigns} 0-1

[Event "Team 45 45 League T47"]
[Site "Internet Chess Club"]
[Date "2010.11.15"]
[Round "2"]
[White "BosqueVerde"]
[Black "tcianciola"]
[Result "0-1"]
[WhiteElo "1198"]
[BlackElo "1155"]
[Opening "QGD: 4.Nf3"]
[ECO "D37"]
[Time "20:00:43"]
[TimeControl "2700+45"]

1. d4 d5 2. c4 Nf6 3. Nc3 e6 4. Nf3 Nc6 5. Bg5 b6 6. Qc2 Be7 7. cxd5 exd5 8. e3
O-O 9. Bd3 Nb4 10. Qb1 Nxd3+ 11. Qxd3 Bb7 12. a3 c5 13. b3 Ng4 14. Bxe7 Qxe7 15.
O-O c4 16. Qf5 Nh6 17. Qc2 Rad8 18. bxc4 dxc4 19. Ne5 Qg5 20. g3 Ng4 21. f4 Qh5
22. Nxg4 Qxg4 23. Ra2 Rfe8 24. Re1 Qf3 25. e4 f5 26. d5 fxe4 27. Nxe4 Bxd5 28.
Rf1 Qe3+ 29. Kg2 Bxe4+ 30. Kh3 Bxc2 31. Rxc2 Qd3 32. Rff2 Re6 33. Rfd2 Rh6+ 34.
Kg4 Qg6+ 35. Kf3 Rxd2 36. Rxd2 Qc6+ {White resigns} 0-1

[Event "Team 45 45 League T47"]
[Site "Internet Chess Club"]
[Date "2010.11.13"]
[Round "2"]
[White "baseball613"]
[Black "malihini"]
[Result "1-0"]
[WhiteElo "1305"]
[BlackElo "1236"]
[Opening "Queen's pawn game"]
[ECO "D02"]
[Time "10:01:12"]
[TimeControl "2700+45"]

1. d4 d5 2. Nf3 c6 3. Bf4 Bf5 4. e3 Nf6 5. c4 e6 6. Nc3 h6 7. Qb3 b6 8. h3 Bd6
9. Bxd6 Qxd6 10. cxd5 cxd5 11. Rc1 a6 12. Na4 Nbd7 13. Be2 O-O 14. O-O b5 15.
Nc5 Nxc5 16. Rxc5 Ne4 17. Rcc1 Rfc8 18. Bd3 Rc7 19. Rc2 Rac8 20. Rfc1 f6 21.
Rxc7 Rxc7 22. Rc2 g5 23. Nd2 Nxd2 24. Rxd2 Rc1+ 25. Rd1 Rxd1+ 26. Qxd1 Bxd3 27.
Qxd3 Kg7 28. Qc2 Qd7 29. Kf1 f5 30. Ke2 Kf6 31. f3 Qd6 32. Kd3 e5 33. dxe5+ Qxe5
34. Qc6+ Qe6 35. Qxe6+ Kxe6 36. Kd4 Kd6 37. g3 h5 38. f4 h4 39. gxh4 g4 40. hxg4
fxg4 41. Kd3 g3 42. Ke2 g2 43. Kf2 g1=Q+ 44. Kxg1 Ke6 45. Kg2 Kf5 46. Kf1 Kg4
47. Kf2 Kxh4 48. Kf3 Kh5 49. e4 dxe4+ 50. Kxe4 Kg6 51. Kd5 Kf5 52. Kc6 Kxf4 53.
Kb6 Ke4 54. Kxa6 Kd4 55. Kxb5 Kd3 56. b4 {Black resigns} 1-0

[Event "Team 45 45 League T47"]
[Site "Internet Chess Club"]
[Date "2010.11.13"]
[Round "2"]
[White "otib2006"]
[Black "wildcat2023"]
[Result "1-0"]
[WhiteElo "1195"]
[BlackElo "1121"]
[Opening "Petrov: Italian variation"]
[ECO "C24"]
[Time "14:24:48"]
[TimeControl "2700+45"]

1. e4 e5 2. Bc4 Nf6 3. Nf3 Bc5 4. O-O Nc6 5. Nc3 O-O 6. Nd5 Nxd5 7. exd5 Nd4 8.
Nxe5 d6 9. Nd3 Bf5 10. Nxc5 dxc5 11. d3 b5 12. Bb3 Nxb3 13. axb3 Qxd5 14. Be3 c4
15. bxc4 bxc4 16. dxc4 Qxd1 17. Rfxd1 Bxc2 18. Rdc1 Bd3 19. Rxa7 Rxa7 20. Bxa7
Ra8 21. Be3 Ra4 22. c5 f5 23. f4 Ra2 24. Rc3 Ra1+ 25. Kf2 Rf1+ 26. Kg3 Be4 27.
Rc1 Rxc1 28. Bxc1 Kf7 29. Kf2 Ke6 30. g3 h5 31. Ke3 Kd5 32. b4 Kc6 33. h3 Bg2
34. h4 Kb5 35. Kd4 Kxb4 36. Ke5 Kxc5 37. Kxf5 Kd6 38. Kg6 c5 39. Kxg7 c4 40. Kg6
Bf3 41. f5 c3 42. f6 Kd7 43. f7 Ke7 44. Kg7 Kd6 45. f8=Q+ Kd5 46. Qxf3+ Kd4 47.
Qxh5 Kd3 48. Qd5+ Kc2 49. Qd2+ Kb3 50. Qd5+ Kc2 51. Qh1 Kb3 52. h5 Kc2 53. h6
Kb3 54. h7 Kc2 55. h8=Q Kb3 56. Qb8+ Kc2 57. Qc8 Kb3 58. Bf4 c2 59. Qf3+ Kb2 60.
Qb8+ Ka1 61. Qa3# {Black checkmated} 1-0

[Event "Team 45 45 League T47"]
[Site "Internet Chess Club"]
[Date "2010.11.14"]
[Round "2"]
[White "iceface"]
[Black "dpmdpm"]
[Result "1-0"]
[WhiteElo "1310"]
[BlackElo "1440"]
[Opening "Sicilian"]
[ECO "B50"]
[Time "09:00:47"]
[TimeControl "2700+45"]

1. e4 c5 2. Nf3 d6 3. Nc3 Nf6 4. Bc4 e6 5. Qe2 Nbd7 6. O-O a6 7. a4 Be7 8. d3
O-O 9. Be3 b6 10. d4 cxd4 11. Bxd4 Bb7 12. Bd3 Qc7 13. Bc4 Nc5 14. Bxc5 dxc5 15.
h3 Bd6 16. Qe3 Rad8 17. e5 Bxf3 18. exd6 Rxd6 19. Qxf3 Rd4 20. Bxa6 Rf4 21. Qe2
Rd8 22. Rad1 Rxd1 23. Rxd1 Rf5 24. Nb5 {Black resigns} 1-0

[Event "Team 45 45 League T47"]
[Site "Internet Chess Club"]
[Date "2010.11.13"]
[Round "2"]
[White "PsyMar"]
[Black "carolinaknight"]
[Result "0-1"]
[WhiteElo "1253"]
[BlackElo "1322"]
[Opening "French: advance, Milner-Barry gambit"]
[ECO "C02"]
[Time "10:00:24"]
[TimeControl "2700+45"]

1. e4 e6 2. d4 d5 3. e5 c5 4. c3 Qb6 5. Bd3 Nc6 6. Nf3 Bd7 7. Bc2 cxd4 8. Nxd4
Nxe5 9. Bf4 Qxb2 10. Bxe5 Qxa1 11. Bb3 Ne7 12. c4 Ng6 13. Bf4 Nxf4 {White
resigns} 0-1

[Event "Team 45 45 League T47"]
[Site "Internet Chess Club"]
[Date "2010.11.11"]
[Round "2"]
[White "The-Capitalist"]
[Black "SeniorCitizen"]
[Result "0-1"]
[WhiteElo "1414"]
[BlackElo "1290"]
[Opening "French: Rubinstein variation"]
[ECO "C10"]
[Time "11:30:25"]
[TimeControl "2700+45"]

1. e4 e6 2. d4 d5 3. Nc3 dxe4 4. Nxe4 Nd7 5. Nf3 Ngf6 6. Nxf6+ Nxf6 7. Bd3 Be7
8. Bg5 O-O 9. O-O b6 10. Qe2 Bb7 11. Rad1 Rb8 12. c3 Re8 13. Rfe1 Bxf3 14. Qxf3
Qd5 15. Qxd5 Nxd5 16. Bxe7 Nxe7 17. c4 Nc6 18. d5 exd5 19. cxd5 Nb4 20. Bb5
Rxe1+ 21. Rxe1 Kf8 22. Bc4 Rd8 23. a3 Nxd5 24. Rd1 c6 25. b4 b5 26. Bb3 Ke8 27.
Re1+ Ne7 28. f4 Rd3 29. Bc2 Rxa3 30. Bxh7 g6 31. f5 Kf8 32. f6 Nd5 33. Rd1 Re3
34. Kf2 Re6 35. g4 Rxf6+ 36. Kg3 Kg7 37. g5 Re6 38. Rf1 Re7 39. Rc1 Kxh7 40. h4
Rc7 41. Rb1 f6 42. gxf6 Nxf6 43. Kf4 Nd5+ 44. Kg5 a6 45. h5 gxh5 46. Kxh5 Rg7
47. Kh4 Kh6 48. Rb3 Rg6 49. Rf3 Nxb4 50. Rf4 a5 51. Rf8 Kg7 52. Rc8 a4 53. Ra8
Na2 54. Ra7+ Kh6 55. Ra8 Nc3 56. Rh8+ Kg7 57. Ra8 b4 58. Ra7+ Kh6 59. Ra5 Rd6
60. Rh5+ Kg6 61. Rg5+ Kf6 62. Rc5 a3 {White resigns} 0-1

[Event "Team 45 45 League T47"]
[Site "Internet Chess Club"]
[Date "2010.11.16"]
[Round "2"]
[White "Cicero"]
[Black "bowwrestler"]
[Result "1-0"]
[WhiteElo "1305"]
[BlackElo "1213"]
[Opening "Queen's Indian defense"]
[ECO "A47"]
[Time "15:00:32"]
[TimeControl "2700+45"]

1. d4 Nf6 2. Nf3 b6 3. Nc3 e6 4. e4 Bb7 5. Bd3 d5 6. e5 Ne4 7. O-O Bb4 8. a3
Bxc3 9. bxc3 Nxc3 10. Qe1 Ne4 11. Qd1 O-O 12. Ne1 Nc6 13. f3 Ng5 14. c3 f6 15.
f4 Nf7 16. Nf3 Ne7 17. exf6 gxf6 18. Nh4 Nh6 19. Qh5 Kg7 20. Rf3 f5 21. Rg3+ Ng6
22. Nxg6 hxg6 23. Qxg6+ Kh8 24. Qg7# {Black checkmated} 1-0

[Event "Team 45 45 League T47"]
[Site "Internet Chess Club"]
[Date "2010.11.15"]
[Round "2"]
[White "lawth3"]
[Black "WhoHuhWhat"]
[Result "0-1"]
[WhiteElo "1028"]
[BlackElo "1051"]
[Opening "Queen's pawn game"]
[ECO "A50"]
[Time "18:58:48"]
[TimeControl "2700+45"]

1. d4 Nf6 2. c4 c6 3. Nc3 d5 4. cxd5 cxd5 5. Bf4 Nc6 6. e3 Bf5 7. h3 e6 8. Nf3
Bd6 9. Bxd6 Qxd6 10. a3 O-O 11. Be2 Ne4 12. Qb3 Na5 13. Qa4 Nxc3 14. bxc3 b6 15.
O-O Rfc8 16. Rfc1 Nc4 17. Nh4 Bg6 18. Nxg6 hxg6 19. Rab1 Qc6 20. Qc2 Nxa3 21.
Bb5 Nxb5 22. Qa4 Nxc3 23. Qxc6 Rxc6 24. Ra1 a5 25. Kf1 a4 26. Ra3 Rac8 27. Ke1
b5 28. Kd2 b4 29. Raa1 a3 30. Rc2 Nb1+ 31. Rxb1 Rxc2+ 32. Kd3 R8c3# {White
checkmated} 0-1

[Event "Team 45 45 League T47"]
[Site "Internet Chess Club"]
[Date "2010.11.15"]
[Round "2"]
[White "Graybeard"]
[Black "KidRattler"]
[Result "0-1"]
[WhiteElo "1125"]
[BlackElo "1115"]
[Opening "Scandinavian (center counter) defense"]
[ECO "B01"]
[Time "10:02:46"]
[TimeControl "2700+45"]

1. e4 d5 2. exd5 Qxd5 3. Nc3 Qa5 4. d4 c6 5. Nf3 Nf6 6. Bd3 Qc7 7. O-O Bg4 8.
Re1 Bxf3 9. Qxf3 Nbd7 10. Bf4 Qb6 11. Be5 Qxb2 12. Na4 Qa3 13. Nc5 Nxc5 14. dxc5
Qxc5 15. Bxf6 gxf6 16. Qxf6 Rg8 17. Qf5 Qxf5 18. Bxf5 h6 19. Rad1 Rd8 20. Rxd8+
Kxd8 21. Rd1+ Kc7 22. h3 e6 23. Bd3 Be7 24. Kf1 Kb6 25. Rb1+ Kc7 26. Ke2 Rxg2
27. Be4 Rg5 28. Rh1 Re5 29. Kf3 Kd6 30. Rd1+ Kc7 31. c4 a6 32. Rc1 f5 33. Bd3
Kd6 34. Rg1 Bg5 35. Be2 Kc5 36. Rh1 b5 37. h4 Bf6 38. h5 bxc4 39. Rc1 Re4 40.
Bd3 Rd4 41. Ke2 Rxd3 42. f3 Bg5 43. Rb1 Rd2+ 44. Ke1 Rxa2 45. Rb8 c3 {White
resigns} 0-1

[Event "Team 45 45 League T47"]
[Site "Internet Chess Club"]
[Date "2010.11.11"]
[Round "2"]
[White "MASTERCHEF"]
[Black "Ivio"]
[Result "1-0"]
[WhiteElo "1771"]
[BlackElo "1770"]
[Opening "French: King's Indian attack"]
[ECO "C00"]
[Time "23:00:07"]
[TimeControl "2700+45"]

1. e4 e6 2. d3 d5 3. Nd2 dxe4 4. dxe4 Nd7 5. Ngf3 b6 6. Bb5 Bb7 7. Ne5 Nf6 8.
O-O a6 9. Nxd7 Nxd7 10. Bd3 Bd6 11. f4 O-O 12. Nb3 Nc5 13. Nxc5 Bxc5+ 14. Kh1
Qh4 15. Qe2 b5 16. Bd2 Rad8 17. Ba5 Rd7 18. Be1 Qf6 19. Qh5 Qxb2 20. Qxc5 Qxa1
21. Bb4 Qxf1+ 22. Bxf1 Rfd8 23. Qe5 Re8 24. Bc3 f6 25. Qh5 Red8 26. Qg4 Kf7 27.
f5 e5 28. Bd3 c5 29. Ba5 Rc8 30. Qh4 Kg8 31. h3 Rd4 32. Bc3 Rd7 33. Be2 Rcd8 34.
Bf3 b4 35. Be1 a5 36. Be2 Rd4 37. Bf3 Bc8 38. Bf2 Rc4 39. g4 Rxc2 40. g5 Rdd2
41. Bg1 Rd3 42. gxf6 Rxf3 43. Qg4 Rxh3+ 44. Qxh3 gxf6 45. Qd3 Rc1 46. Qd8+ Kg7
47. Qxc8 c4 48. Qc7+ Kh6 49. Qe7 c3 50. Qxf6+ Kh5 51. Qxe5 Rb1 52. f6+ Kg6 53.
Qf5+ Kh6 54. e5 Ra1 55. f7 {Black resigns} 1-0

[Event "Team 45 45 League T47"]
[Site "Internet Chess Club"]
[Date "2010.11.14"]
[Round "2"]
[White "Salvatore"]
[Black "crazyhorses"]
[Result "1-0"]
[WhiteElo "1683"]
[BlackElo "1518"]
[Opening "Trompowsky attack (Ruth, Opocenský opening)"]
[ECO "A45"]
[Time "13:00:16"]
[TimeControl "2700+45"]

1. d4 Nf6 2. Bg5 g6 3. Bxf6 exf6 4. c4 Bg7 5. e3 d6 6. Nc3 c6 7. g3 O-O 8. Bg2
Qb6 9. Qd2 f5 10. Nge2 Nd7 11. O-O Nf6 12. Rab1 Be6 13. b3 Rad8 14. Nf4 Bc8 15.
d5 c5 16. a4 a6 17. Nd3 Qc7 18. b4 b6 19. bxc5 bxc5 20. Rb3 Bd7 21. Rfb1 Rb8 22.
Qb2 Rxb3 23. Qxb3 Ng4 24. Ne2 Bc8 25. Qb6 Qxb6 26. Rxb6 Rd8 27. h3 Ne5 28. Nb2
Nd7 29. Rb3 Re8 30. a5 Bxb2 31. Rxb2 Kg7 32. Nc3 Ne5 33. Bf1 Kf6 34. Kg2 Nd7 35.
Bd3 Ne5 36. Be2 g5 37. g4 f4 38. Ne4+ Ke7 39. Nxg5 fxe3 40. f4 Ng6 41. Kg3 f6
42. Nf3 Kd8 43. Bd3 Kc7 44. h4 Bd7 45. h5 Nf8 46. Re2 Ba4 47. Ng1 h6 48. Re1 Bc2
49. Bxc2 {Black resigns} 1-0

[Event "Team 45 45 League T47"]
[Site "Internet Chess Club"]
[Date "2010.11.12"]
[Round "2"]
[White "pawn117"]
[Black "krysto"]
[Result "0-1"]
[WhiteElo "1458"]
[BlackElo "1481"]
[Opening "French: exchange variation"]
[ECO "C01"]
[Time "08:00:34"]
[TimeControl "2700+45"]

1. e4 e6 2. d4 d5 3. exd5 exd5 4. Nc3 c6 5. Nf3 Nf6 6. Bd3 Bd6 7. O-O O-O 8. Bg5
Bg4 9. Be2 Nbd7 10. a3 Qb6 11. b3 Rfe8 12. Re1 Bxf3 13. Bxf3 Rxe1+ 14. Qxe1 Qxd4
15. Be3 Qe5 16. g3 d4 17. Bxd4 Qxd4 18. Rd1 Qe5 {White resigns} 0-1

[Event "Team 45 45 League T47"]
[Site "Internet Chess Club"]
[Date "2010.11.16"]
[Round "2"]
[White "milesotoole"]
[Black "one-over"]
[Result "1/2-1/2"]
[WhiteElo "1459"]
[BlackElo "1364"]
[Opening "French: exchange variation"]
[ECO "C01"]
[Time "21:38:24"]
[TimeControl "2700+45"]

1. e4 e6 2. d4 d5 3. exd5 exd5 4. Bd3 Nc6 5. c3 Bd6 6. Nf3 Bg4 7. O-O Nge7 8.
Re1 Qd7 9. Nbd2 O-O-O 10. b4 Ng6 11. Nb3 Rde8 12. Nc5 Rxe1+ 13. Qxe1 Qe8 14. Bd2
a6 15. Nxa6 bxa6 16. Bxa6+ Kb8 17. Qb1 Bc8 18. b5 Na5 19. Qb2 Nc4 20. Qc2 Nb6
21. a4 Bxa6 22. bxa6 Ka7 23. Qb3 Qc6 24. Rb1 Rb8 25. Ng5 Kxa6 26. Nxf7 Be7 27.
Ra1 Nd7 28. Qc2 Ka7 29. Ng5 h6 30. Nf3 Qc4 31. Qxg6 Bf6 32. Qc2 Qb3 33. Qxb3
Rxb3 34. Kf1 c5 35. Ke2 c4 36. Ne1 Ka6 37. Nc2 Be7 38. Ne3 Nf6 39. Nf5 Bf8 40.
h3 g6 41. Ne3 Ka5 42. g4 g5 43. Nf5 Ne4 44. Ne3 Nf6 45. Nf5 Ne4 46. Ne3 Nf6
{Game drawn by repetition} 1/2-1/2

[Event "Team 45 45 League T47"]
[Site "Internet Chess Club"]
[Date "2010.11.13"]
[Round "2"]
[White "Razorbackchess"]
[Black "gerailen0075"]
[Result "1-0"]
[WhiteElo "1816"]
[BlackElo "1785"]
[Opening "English: symmetrical, Rubinstein system"]
[ECO "A30"]
[Time "19:00:05"]
[TimeControl "2700+45"]

1. c4 c5 2. g3 Nf6 3. Bg2 d5 4. cxd5 Nxd5 5. Nc3 Nc7 6. Nf3 Nc6 7. O-O e5 8. Ne1
Bd7 9. Nd3 f6 10. f4 c4 11. Ne1 exf4 12. Rxf4 Na5 13. b3 Bc5+ 14. e3 Ne6 15. Rf1
Rc8 16. Bb2 b5 17. Ne4 Be7 18. Qh5+ Kf8 19. d4 Qe8 20. Qd5 Nc7 21. Qe5 Nc6 22.
Qg5 Qg6 23. d5 Qxg5 24. Nxg5 Nd8 25. bxc4 bxc4 26. e4 Ke8 27. Nh3 Nb5 28. Nc2 c3
29. Bc1 Bc5+ 30. Kh1 Nd4 31. Nxd4 Bxd4 32. Rb1 c2 33. Rb3 Ba4 34. Rb4 {Black
resigns} 1-0

[Event "Team 45 45 League T47"]
[Site "Internet Chess Club"]
[Date "2010.11.19"]
[Round "2"]
[White "ILRE"]
[Black "Tamarin"]
[Result "1/2-1/2"]
[WhiteElo "1594"]
[BlackElo "1785"]
[Opening "Ruy Lopez: Archangelsk (counterthrust) variation"]
[ECO "C78"]
[Time "18:20:55"]
[TimeControl "2700+45"]

1. e4 e5 2. Nf3 Nc6 3. Bb5 a6 4. Ba4 Nf6 5. O-O b5 6. Bb3 Bb7 7. Re1 Bc5 8. c3
d6 9. a4 O-O 10. axb5 axb5 11. Rxa8 Bxa8 12. d3 h6 13. Be3 Re8 14. Nbd2 Qd7 15.
Nf1 Ng4 16. Bxc5 dxc5 17. h3 Nf6 18. Ng3 g6 19. Nf1 Nh5 20. Ne3 Nf4 21. Nd5 Kg7
22. Nxf4 exf4 23. Qd2 g5 24. Qd1 Ne5 25. Nxe5 Rxe5 26. Bc2 Re6 27. Qg4 Rd6 28.
Qxd7 Rxd7 29. Ra1 Bb7 30. Ra5 c6 31. Ra7 Bc8 32. Rxd7 Bxd7 33. f3 Kf6 34. Kf2
Ke5 35. Bb3 f6 36. Bf7 Bc8 37. Be8 Bb7 38. Ke2 Ba8 39. Kd2 Bb7 40. Bd7 Kd6 41.
Bf5 Ke5 42. Bd7 Kd6 43. Bf5 Ke5 44. Bd7 Kd6 45. Bf5 {Game drawn by repetition}
1/2-1/2

[Event "Team 45 45 League T47"]
[Site "Internet Chess Club"]
[Date "2010.11.11"]
[Round "2"]
[White "badmove"]
[Black "Helaman"]
[Result "1-0"]
[WhiteElo "1744"]
[BlackElo "1446"]
[Opening "Dutch with c4 & Nc3"]
[ECO "A85"]
[Time "15:00:19"]
[TimeControl "2700+45"]

1. d4 f5 2. c4 Nf6 3. Nc3 g6 4. h4 Bg7 5. h5 Nxh5 6. e4 f4 7. Rxh5 gxh5 8. Qxh5+
Kf8 9. Bxf4 Qe8 10. Qh4 d6 11. Bh6 Na6 12. Be2 c6 13. Bh5 Qd8 14. Qf4+ {Black
resigns} 1-0

[Event "Team 45 45 League T47"]
[Site "Internet Chess Club"]
[Date "2010.11.11"]
[Round "2"]
[White "BrandonBee"]
[Black "MateIn42"]
[Result "1-0"]
[WhiteElo "1609"]
[BlackElo "1424"]
[Opening "Ruy Lopez: Anderssen variation"]
[ECO "C77"]
[Time "14:03:05"]
[TimeControl "2700+45"]

1. e4 e5 2. Nf3 Nc6 3. Bb5 a6 4. Ba4 Nf6 5. d3 b5 6. Bb3 d6 7. c3 Be7 8. Nbd2
O-O 9. Nf1 d5 10. Ng3 dxe4 11. dxe4 Qxd1+ 12. Bxd1 Bb7 13. Bc2 Rad8 14. O-O h6
15. Nf5 Bc5 16. b4 Bb6 17. h3 Rfe8 18. g4 Ne7 19. Ng3 Ng6 20. g5 hxg5 21. Bxg5
Nf4 22. Kh2 Re6 23. Bh4 Ng6 24. Bg5 Nf4 25. Rad1 Rxd1 26. Bxd1 Bxe4 27. Bxf6
Bxf3 28. Bxf3 Rxf6 29. Ne4 Rh6 30. Bg4 Ng6 31. Rd1 Ne7 32. Ng5 f5 33. Rd8#
{Black checkmated} 1-0

[Event "Team 45 45 League T47"]
[Site "Internet Chess Club"]
[Date "2010.11.14"]
[Round "2"]
[White "Skylab"]
[Black "wekabird"]
[Result "1-0"]
[WhiteElo "1289"]
[BlackElo "1160"]
[Opening "QGD semi-Slav: 5.e3"]
[ECO "D45"]
[Time "18:00:06"]
[TimeControl "2700+45"]

1. d4 d5 2. c4 c6 3. e3 e6 4. Nc3 Nf6 5. Nf3 Be7 6. Bd3 O-O 7. O-O Nbd7 8. Re1
b5 9. cxd5 Nxd5 10. e4 Nxc3 11. bxc3 a6 12. Bb2 Nb6 13. Qc2 g6 14. Qd2 a5 15.
Bc1 b4 16. Qh6 Bf6 17. Ng5 Bxg5 18. Bxg5 f6 19. Bd2 bxc3 20. Bxc3 Qe7 21. Qe3
Ba6 22. Qe2 Bxd3 23. Qxd3 Na4 24. Bd2 c5 25. d5 Rfc8 26. Qb3 Qe8 27. dxe6 c4 28.
Qd1 Qxe6 29. Qxa4 Rd8 30. Bc3 Rd3 31. Rac1 Qd7 32. Qxd7 Rxd7 33. Bxf6 Rf7 34. e5
Rb8 35. Re2 Rb4 36. Rec2 h5 37. h3 Rc7 38. Bd8 Rc5 39. Be7 Rxe5 40. Bxb4 axb4
41. Rxc4 Re2 42. Rxb4 Rxa2 43. Rc7 Ra8 44. Rbb7 Kf8 45. Rh7 Kg8 46. Rhg7+ Kf8
47. Rxg6 Re8 48. Rh6 Re7 49. Rxe7 Kxe7 50. Rxh5 Kf6 51. Ra5 Ke6 52. Ra3 Kd5 53.
Rg3 Ke5 54. h4 {Black resigns} 1-0

[Event "Team 45 45 League T47"]
[Site "Internet Chess Club"]
[Date "2010.11.13"]
[Round "2"]
[White "Conjurer"]
[Black "JimGaming"]
[Result "0-1"]
[WhiteElo "1183"]
[BlackElo "1239"]
[Opening "Nimzo-Indian: classical, Milner-Barry (Zurich) variation"]
[ECO "E33"]
[Time "14:00:36"]
[TimeControl "2700+45"]

1. d4 Nf6 2. c4 e6 3. Nc3 Bb4 4. Qc2 Nc6 5. Nf3 d6 6. Bg5 h6 7. Bd2 O-O 8. e4 e5
9. dxe5 Nxe5 10. Be2 Bg4 11. a3 Bc5 12. O-O Bxf3 13. gxf3 a6 14. f4 Ned7 15. b4
Bd4 16. Rad1 c5 17. Nd5 Nxd5 18. cxd5 Nb6 19. f5 Be5 20. f4 Bd4+ 21. Kh1 Nd7 22.
Bc3 Bxc3 23. Qxc3 Qe7 24. Qf3 Nf6 25. Bd3 Kh7 26. Rg1 Rg8 27. Rd2 g6 28. e5 dxe5
29. fxe5 Qxe5 30. fxg6+ Kg7 31. gxf7+ Kxf7 32. Re2 Rxg1+ 33. Kxg1 Rg8+ 34. Rg2
Qd4+ 35. Kh1 Rxg2 36. Kxg2 Qxd5 37. Qxd5+ Nxd5 38. Bc4 Ke6 39. bxc5 Ke5 40. Be2
a5 41. a4 Nc3 42. Bb5 Nxb5 43. axb5 Kd5 44. c6 Kd6 45. Kf2 bxc6 46. b6 c5 47. b7
Kc7 48. Ke3 Kxb7 49. Kd3 Kb6 {White resigns} 0-1

[Event "Team 45 45 League T47"]
[Site "Internet Chess Club"]
[Date "2010.11.14"]
[Round "2"]
[White "MeansToAnEnd"]
[Black "guyd52"]
[Result "0-1"]
[WhiteElo "1201"]
[BlackElo "1255"]
[Opening "QGD Slav/Grünfeld: Schlechter variation"]
[ECO "D15"]
[Time "19:00:19"]
[TimeControl "2700+45"]

1. d4 d5 2. c4 c6 3. Nc3 Nf6 4. Nf3 g6 5. Bf4 Bf5 6. e3 Bg7 7. Qb3 Qc8 8. cxd5
Nxd5 9. Nxd5 cxd5 10. Qxd5 Be6 11. Qb5+ Bd7 12. Qb4 O-O 13. Qxe7 Re8 14. Qc5 Bf8
15. Qxc8 Rxc8 16. b3 Bb4+ 17. Nd2 Rc2 18. e4 Bc3 19. Bd3 Bxa1 20. Bxc2 Bxd4 21.
O-O Nc6 22. Nc4 Nb4 23. Bb1 Re8 24. Rd1 Nc6 25. Nd6 Bg4 26. Rc1 Re7 27. Nxb7
Rxb7 28. Rxc6 Kg7 29. Kf1 Bd7 30. Rd6 Bb5+ 31. Kg1 Bc5 32. Rd5 Be7 33. Bd6 Bc6
34. Be5+ f6 35. Bxf6+ Bxf6 36. Rd6 Rc7 37. g3 Bb7 38. f4 Rc1+ 39. Kg2 Rxb1 40.
Rd7+ Kh6 41. Rxb7 Rb2+ 42. Kh3 Rxa2 43. e5 Bd8 44. e6 Bb6 45. e7 Re2 46. g4 Bf2
47. Kg2 Bc5+ 48. Kf3 Re3+ 49. Kf2 Rxe7+ 50. Kg3 Rxb7 51. Kh4 Rxb3 52. h3 Bf2#
{White checkmated} 0-1

[Event "Team 45 45 League T47"]
[Site "Internet Chess Club"]
[Date "2010.11.13"]
[Round "2"]
[White "WilmaP"]
[Black "sere"]
[Result "1-0"]
[WhiteElo "1164"]
[BlackElo "1182"]
[Opening "Four knights: Rubinstein counter-gambit, exchange variation"]
[ECO "C48"]
[Time "09:03:41"]
[TimeControl "2700+45"]

1. e4 e5 2. Nf3 Nf6 3. Nc3 Nc6 4. Bb5 Nd4 5. Nxd4 exd4 6. Nd5 Nxd5 7. exd5 Bc5
8. O-O O-O 9. c3 Qg5 10. d3 Qxd5 11. cxd4 Bxd4 12. Bc4 Qc6 13. Rb1 b5 14. Be3
Bb7 15. f3 Bxe3+ 16. Kh1 Qd6 17. Bb3 Qh6 18. d4 Bf4 19. g3 Qh5 20. gxf4 Bxf3+
21. Rxf3 Rfe8 22. Qd3 Qh4 23. Rff1 Re7 24. Qg3 Qh6 25. f5 Qc6+ 26. d5 Qc2 27.
Bxc2 Rae8 28. f6 Re3 29. Qxg7# {Black checkmated} 1-0

[Event "Team 45 45 League T47"]
[Site "Internet Chess Club"]
[Date "2010.11.16"]
[Round "2"]
[White "Just-Jim"]
[Black "LeanSixSigma"]
[Result "0-1"]
[WhiteElo "1385"]
[BlackElo "1460"]
[Opening "Scotch game"]
[ECO "C45"]
[Time "17:33:27"]
[TimeControl "2700+45"]

1. e4 e5 2. Nf3 Nc6 3. d4 exd4 4. Nxd4 g6 5. c3 Bg7 6. Bc4 Ne5 7. Bf4 Nxc4 8.
Nb5 Ne5 9. Qd5 d6 10. O-O Ne7 11. Qd2 a6 12. N5a3 Bh3 13. Bxe5 Bxe5 14. gxh3 Qd7
15. f4 Bg7 16. Qe3 Bh6 17. Nd2 g5 18. fxg5 Bxg5 19. Qd4 Rg8 20. Qc4 Bxd2+ 21.
Kh1 O-O-O 22. Qxf7 Qxh3 23. Rf2 Be3 24. Qf3 Qxf3+ 25. Rxf3 Bc5 26. Nc4 Ng6 27.
a4 Ne5 28. Nxe5 dxe5 29. b4 Bd6 30. Rb1 Rg4 31. Re3 c5 32. b5 axb5 33. Rxb5 Kc7
34. c4 Rf8 35. Re1 Rff4 36. Reb1 Rxe4 37. Rxb7+ Kc8 38. a5 Rxc4 39. R7b5 Rb4 40.
a6 Rxb1+ 41. Rxb1 Ra4 42. Rb6 Bc7 43. Rh6 e4 44. Kg2 Ra2+ 45. Kh1 Rxh2+ 46. Rxh2
Bxh2 47. Kxh2 Kc7 48. a7 Kb7 49. a8=Q+ Kxa8 50. Kg2 Kb7 51. Kf2 Kc6 52. Ke3 Kd5
{White resigns} 0-1